 Dungeon Crawl Stone Soup version 0.20-a0-1006-ge6c5631 (webtiles) character file.

2846 Fenrisulfr the Basher (level 9, -12/71 HPs)
             Began as a Green Draconian Monk on Apr 13, 2017.
             Was an Elder of Wu Jian.
             Blown up by an orb spider (33 damage)
             ... with an orb of destruction
             ... on level 9 of the Dungeon.
             The game lasted 00:28:05 (8530 turns).

Fenrisulfr the Basher (Green Draconian Monk)        Turns: 8530, Time: 00:28:05

Health: -12/71     AC: 10    Str: 18 (20) XL:     9   Next: 46%
Magic:  9/9        EV: 15    Int: 17      God:    Wu Jian [****..]
Gold:   479        SH:  0    Dex: 13 (14) Spells: 8/8 levels left

rFire    + . .     SeeInvis .   w - +3 flail of the Sky {elec, Str+4 Int+4}
rCold    . . .     Gourm    .   (no shield)
rNeg     . . .     Faith    +   (armour unavailable)
rPois    +         Spirit   .   v - +0 hat
rElec    .         Reflect  .   b - +0 cloak
rCorr    .         Harm     .   (no gloves)
MR       .....                  o - +1 pair of boots
Stlth    +++.......             r - amulet of faith
Regen    0.3/turn               (no ring)
MPRegen  0.2/turn               (no ring)

@: no status effects
A: breathe noxious fumes, unfitting armour, clever 1, fire resistance 1, frail
1, poison resistance, wild magic 1, cold-blooded, AC +7
a: Breathe Noxious Fumes, Serpent's Lash, Renounce Religion


You were on level 9 of the Dungeon.
You worshipped Wu Jian.
Wu Jian was greatly pleased with you.
You were not hungry.

You visited 1 branch of the dungeon, and saw 9 of its levels.

You collected 479 gold pieces.

Inventory:

Hand Weapons
 w - the +3 flail of the Sky (weapon) {elec, Str+4 Int+4}
   (You found it on level 6 of the Dungeon)

   Occasionally, upon striking a foe, it will discharge some electrical energy
   and cause terrible harm.
   It affects your strength (+4).
   It affects your intelligence (+4).
Armour
 b - a +0 cloak (worn)
 o - a +1 pair of boots (worn)
 v - a +0 hat (worn)
Jewellery
 r - an amulet of faith (around neck)
 H - an uncursed amulet of rage {unknown}
Wands
 i - a wand of lightning (7/15)
 y - a wand of clouds (5/9)
 C - a wand of polymorph (1/24)
 E - a wand of disintegration (14/24)
Scrolls
 d - 2 scrolls of recharging {unknown}
 f - 2 scrolls of teleportation {unknown}
 g - 3 scrolls of magic mapping
 h - 4 scrolls of identify
 k - 2 scrolls of immolation
 m - 4 scrolls of remove curse
 q - 2 scrolls of enchant armour
 s - a scroll of fear {unknown}
 u - a scroll of amnesia {unknown}
 x - a scroll of vulnerability {unknown}
 z - a scroll of random uselessness {unknown}
 A - a scroll of brand weapon {unknown}
 D - a scroll of enchant weapon {unknown}
Potions
 c - a potion of mutation {unknown}
 e - a potion of might
 l - a potion of brilliance
 n - a potion of flight
 p - 3 potions of ambrosia
 t - a potion of berserk rage
 B - a potion of haste {unknown}
Books
 F - a book of Party Tricks

   Spells                             Type                      Level
   a - Summon Butterflies             Summoning                    1
   b - Apportation                    Translocation                1
   c - Lesser Beckoning               Translocation                3
   d - Tukima's Dance                 Hexes                        3
   e - Alistair's Intoxication        Transmutation/Poison         5
   f - Invisibility                   Hexes                        6
 G - a book of Minor Magic

   Spells                             Type                      Level
   a - Magic Dart                     Conjuration                  1
   b - Blink                          Translocation                2
   c - Call Imp                       Summoning                    2
   d - Slow                           Hexes                        2
   e - Conjure Flame                  Conjuration/Fire             3
   f - Mephitic Cloud                 Conjuration/Poison/Air       3
Comestibles
 a - 6 bread rations
 j - 4 meat rations
 I - a royal jelly


   Skills:
 + Level 7.4 Fighting
   Level 0.2 Short Blades
 + Level 9.0 Maces & Flails
 + Level 5.6 Dodging
 + Level 7.1 Stealth


You had 8 spell levels left.
You didn't know any spells.

Dungeon Overview and Level Annotations

Branches:
Dungeon (9/15)             Temple (0/1) D:5
   Lair: D:8-11         Orc: D:9-12

Altars:
Dithmenos
Okawaru
Sif Muna
Uskayaw
Vehumet
Wu Jian


Innate Abilities, Weirdness & Mutations

You can breathe blasts of noxious fumes.
Your lurid green scales are hard. (AC +7)
You cannot fit into any form of body armour.
Your system is resistant to poisons. (rPois)
You are cold-blooded and may be slowed by cold attacks.
Your mind is acute. (Int +2)
Your flesh is heat resistant. (rF+)
You are frail. (-10% HP)
Your spells are a little harder to cast, but a little more powerful.


Message History

The troll is heavily wounded.
The troll barely misses you. The troll claws you but does no damage.
The troll claws you!
* * * LOW HITPOINT WARNING * * *
All of the chunks of flesh in your inventory have rotted away.
Aiming: Polymorph (will waste charges)
Press: ? - help, Shift-Dir - straight line, f/p - troll
Aim: a troll (heavily wounded, chance to defeat MR: 46%)
The troll evaporates and reforms as an orb spider!
Evoking this partially-identified wand wasted a few charges.
Aiming: Polymorph (will waste charges)
Press: ? - help, Shift-Dir - straight line, f/p - orb spider
Aim: an orb spider (clinging, chance to defeat MR: 28%)
The orb spider easily resists.
Evoking this partially-identified wand wasted a few charges.
The orb spider pulsates with a strange energy.
The orb spider weaves a glowing orb of energy.
An orb of destruction comes into view.
The orb of destruction hits you!
You die...

..........# +.
.........s######### ##
#...........# #. ..
#...##s.....# #.
...##...##§.....+ #.
..........§..)...# #.
..........§...<..# #.
........$..§.....# +.
...#............@.....#
#.
...#...#######........#
#. #....## ###......#
#. ..... #+ #......#
....###+.. ##.....#
....#8#... #.....#
..#....... #.....#
......... #.....#
......... #.....#


You could see an orb spider.

Vanquished Creatures
  The ghost of ZenoRockbell the Sneak, a novice OpWn (D:5)
  Grum (D:8)
  2 sky beasts
  2 phantoms
  An orc warrior (D:6)
  An eye of draining (D:9)
  An ice beast (D:8)
  A necrophage (D:8)
  2 centaurs
  An ogre (D:9)
  A black bear (D:8)
  2 wolves (D:8)
  3 bullfrogs
  A scorpion (D:4)
  2 howler monkeys (D:8)
  A centaur zombie (D:8)
  A crimson imp (D:5)
  A quasit (D:5)
  A bullfrog zombie (D:5)
  4 hounds (D:7)
  3 orc priests (D:4)
  4 orc wizards
  A bullfrog skeleton (D:7)
  An iguana (D:6)
  6 worker ants
  A hound skeleton (D:8)
  A hound zombie (D:9)
  A worker ant zombie (D:5)
  9 adders
  4 adder skeletons
  6 worms
  2 dart slugs
  7 leopard geckos
  17 orcs
  3 bats
  3 giant cockroaches
  4 goblins
  5 hobgoblins
  15 jackals
  5 quokkas
  8 frilled lizards
  10 kobolds
  A leopard gecko skeleton (D:6)
  2 quokka zombies
  11 rats
160 creatures vanquished.

Notes
Turn   | Place    | Note
-------+----------+-------------------------------------------
     0 | D:1      | Fenrisulfr the Draconian Monk began the quest for the Orb.
     0 | D:1      | Reached XP level 1. HP: 22/22 MP: 1/1
   483 | D:1      | Reached XP level 2. HP: 23/28 MP: 2/2
  1128 | D:2      | Reached XP level 3. HP: 28/34 MP: 3/3
  1430 | D:2      | Reached skill level 1 in Maces & Flails
  1474 | D:2      | Reached XP level 4. HP: 26/41 MP: 4/4
  2165 | D:2      | Reached skill level 2 in Maces & Flails
  2463 | D:3      | Found a faded altar of an unknown god.
  2471 | D:3      | Became a worshipper of the Wu Jian Council
  2471 | D:3      | Reached * piety under Wu Jian
  2471 | D:3      | Reached ** piety under Wu Jian
  2688 | D:3      | Noticed a hand axe
  2689 | D:3      | Found a hide-covered altar of Uskayaw.
  2689 | D:3      | Noticed a dagger
  2827 | D:3      | Reached *** piety under Wu Jian
  3155 | D:3      | Reached XP level 5. HP: 46/47 MP: 5/5
  3211 | D:4      | Noticed a centaur
  3221 | D:4      | Killed a centaur
  3221 | D:4      | Reached skill level 5 in Fighting
  3221 | D:4      | Reached skill level 3 in Maces & Flails
  3233 | D:4      | Reached XP level 6. HP: 29/56 MP: 6/6
  3556 | D:4      | Found an iron altar of Okawaru.
  3563 | D:4      | Reached skill level 5 in Stealth
  3577 | D:4      | HP: 2/56 [orc priest/divine providence (12)]
  3951 | D:4      | Reached skill level 4 in Maces & Flails
  4214 | D:5      | Entered Level 5 of the Dungeon
  4248 | D:5      | Your scales start taking on a lurid green colour.
  4248 | D:5      | Reached XP level 7. HP: 54/61 MP: 7/7
  4248 | D:5      | Gained mutation: Your system is resistant to poisons. (rPois) [Green Draconian growth]
  4254 | D:5      | Noticed ZenoRockbell's ghost (novice OpWn)
  4285 | D:5      | Killed ZenoRockbell's ghost
  4285 | D:5      | Reached skill level 5 in Maces & Flails
  4513 | D:5      | Found a shadowy altar of Dithmenos.
  4592 | D:5      | Found a staircase to the Ecumenical Temple.
  4895 | D:5      | Found a deep blue altar of Sif Muna.
  5132 | D:5      | Found an ornate altar of the Wu Jian Council.
  5224 | D:6      | Got a scorched flail
  5225 | D:6      | Identified the +3 flail of the Sky {elec, Str+4 Int+4} (You found it on level 6 of the Dungeon)
  5317 | D:6      | Reached skill level 6 in Maces & Flails
  5317 | D:6      | Reached XP level 8. HP: 69/70 MP: 8/8
  5429 | D:6      | Reached **** piety under Wu Jian
  5647 | D:6      | Reached skill level 5 in Dodging
  6533 | D:7      | Reached skill level 7 in Maces & Flails
  7006 | D:8      | Found a radiant altar of Vehumet.
  7271 | D:8      | Gained mutation: Your mind is acute. (Int +2) [mutagenic meat]
  7272 | D:8      | Gained mutation: Scrolls take you a little longer to read. [mutagenic meat]
  7273 | D:8      | Lost mutation: Scrolls take you a little longer to read. [mutagenic meat]
  7274 | D:8      | Gained mutation: You are frail. (-10% HP) [mutagenic meat]
  7275 | D:8      | Gained mutation: Your flesh is heat resistant. (rF+) [mutagenic meat]
  7276 | D:8      | Gained mutation: Your spells are a little harder to cast, but a little more powerful. [mutagenic meat]
  7413 | D:8      | Reached skill level 8 in Maces & Flails
  7413 | D:8      | Reached XP level 9. HP: 57/70 MP: 9/9
  7459 | D:8      | Noticed Grum
  7475 | D:8      | Killed Grum
  8298 | D:9      | Reached skill level 9 in Maces & Flails
  8470 | D:9      | Noticed a troll
  8523 | D:9      | Noticed an orb spider
  8523 | D:9      | a troll changed into an orb spider
  8530 | D:9      | Blown up by an orb spider

Vault maps used:
D:1:      dpeg_arrival_long_road
D:2:      kennysheep_big_flooded_room, first_bread, serial_bayou_lagoon_b
D:3:      dancing_weapons_uskayaw, chequers_ecumenical_altar_simple_redux,
          grunt_ministairs_15
D:4:      okawaru_trees_1
D:5:      lemuel_blue_sif_altar, nicolae_dithmenos_through_a_glass_darkly,
          lemuel_coloured_pillars_altar, minmay_temple_entry_junction
D:8:      nicolae_overflow_crystal_walls, uniq_grum
D:9:      cheibrodos_statue_roulette

Skill      XL: |  1  2  3  4  5  6  7  8  9 |
---------------+----------------------------+-----
Stealth        | 4 5 6 7 |  7.1
Maces & Flails | 1 2 3 4 6 8 9 |  9.0
Dodging        | 4 5 |  5.6
Fighting       | 5 6 7 |  7.4
Short Blades   | |  0.2

Action                   |  1- 3 |  4- 6 |  7- 9 || total
-------------------------+-------+-------+-------++-------
Melee: Unarmed           |    40 |       |       ||    40
       Tailslap          |    14 |    26 |    31 ||    71
       Dagger            |    40 |       |       ||    40
       Whip              |    66 |   180 |    84 ||   330
       Flail             |       |       |   158 ||   158
Evoke: Wand              |       |       |     4 ||     4
  Use: Scroll            |     1 |     2 |     5 ||     8
       Potion            |     1 |     7 |     6 ||    14
 Stab: Sleeping          |     3 |    15 |    10 ||    28
  Eat: Chunk             |     2 |     9 |    19 ||    30
Armor: Skin              |    36 |    34 |    55 ||   125
Dodge: Dodged            |   117 |    83 |   157 ||   357
